cohdb
Replays
Latest Replays
All Replays
Popular Replays
Top Player Replays
Match Explorer
How It Works
Community
CoH3 Stats
Reddit
Sign in to upload your games and track your stats! →
Sign in with Steam
Match 47005568
Unlisted
Match 47005568
Overview
Messages
Build Orders
End
Construct Infanterie Kompanie
Kettenkrad Recon Vehicle
MG 42 Machine Gun Team
Grenadier Squad
Grenadier Squad
Grenadier Squad
Construct Panzergrenadier Kompanie
Panzergrenadier Squad
251 Medium Carrier
Infanterie Officer Quarters
Panzergrenadier Squad
Support Elements
Nebelwerfer 42 Rocket Launcher Team
Pak 40 Anti-tank Gun Team
Selects Terror Battlegroup
Selects Interrogate
Selects Contempt for the Weak
Selects Jericho Trumpet
StuG III G Assault Gun
StuG III G Assault Gun
Selects V1 Rocket Strike
Pak 40 Anti-tank Gun Team
Selects Heavy Gunnery
Pioneer Squad
StuG III G Assault Gun
Pak 40 Anti-tank Gun Team
Panzergrenadier Officer Quarters
Selects No Quarter
Pak 40 Anti-tank Gun Team
Medical Station
GrW 34 Mortar Team
V1 Rocket Strike
Pioneer Squad
Tychus
urteil
The Prussian ✠
Proko
woof_raff
Friendly Mouse(Poxie)
0
0
Comments
sign in to comment!
No comments posted yet!